 Dungeon Crawl Stone Soup version 0.16-a0-2568-g6e0b792 (webtiles) character file.

114 Qrupt the Poker (level 4, -1/33 HPs)
             Began as a Merfolk Skald on Nov 21, 2014.
             Was an Initiate of Ru.
             Succumbed to poison (a potion of poison)
             ... on level 2 of the Dungeon.
             The game lasted 00:04:58 (1450 turns).

Qrupt the Poker (Merfolk Skald)                     Turns: 1450, Time: 00:04:59

Health: -1/33      AC:  3    Str: 12    XL:     4   Next: 97%
Magic:  7/7        EV: 10    Int: 11    God:    Ru [......]
Gold:   60         SH:  0    Dex: 14    Spells: 2 memorised, 4 levels left

rFire  . . .     SeeInvis .     j - +0 trident
rCold  . . .     Clarity  .     b - +0 leather armour
rNeg   . . .     SustAb   .     (no shield)
rPois  .         Gourm    .     (no helmet)
rElec  .         Spirit   .     (no cloak)
rCorr  .         Warding  .     (no gloves)
rMut   .         Stasis   .     (no boots)
MR     .....                    (no amulet)
Stlth  +.........               (no ring)
                                (no ring)

@: lethally poisoned, drained, not resistant to hostile enchantments, very
unstealthy
A: change form in water, swift swim
a: Renounce Religion


You were on level 2 of the Dungeon.
You worshipped Ru.
Ru was noncommittal.
You were not hungry.

You visited 1 branch of the dungeon, and saw 2 of its levels.

You collected 60 gold pieces.

Inventory:

Hand weapons
 a - a +0 spear
 j - a +0 trident (weapon)
Armour
 b - a +0 leather armour (worn)
Scrolls
 e - a scroll of fog {unknown}
 h - 2 scrolls of magic mapping {unknown}
 i - 3 scrolls of blinking {unknown}
Potions
 g - a potion of curing {unknown}
 k - a potion of poison
 m - a potion of might {unknown}
Books
 c - a book of Battle

   Spells                             Type                      Level
   *Infusion                          Charms                       1
   *Shroud of Golubria                Charms/Translocation         2
   Song of Slaying                    Charms                       2
   Spectral Weapon                    Hexes/Charms                 3
   Regeneration                       Charms/Necromancy            3
Comestibles
 d - a bread ration
 f - 2 fruits


   Skills:
 - Level 2.1(1.8) Fighting
 + Level 7.2(6.8) Polearms
 - Level 0.6(0.2) Armour
 - Level 1.3(0.9) Dodging
 - Level 2.0(1.6) Spellcasting
 - Level 3.2(2.8) Charms


You had 4 spell levels left.
You knew the following spells:

 Your Spells              Type           Power        Failure   Level  Hunger
a - Infusion              Chrm           #.....       12%         1    ##.....
b - Shroud of Golubria    Chrm/Tloc      #.........   30%         2    ###....


Dungeon Overview and Level Annotations

Branches:
Dungeon (2/15)

Altars:
Ru


Message History

You hit the worm.
The worm is lightly wounded.
You feel sick.
You hit the worm but do no damage.
The worm is lightly wounded.
The worm barely misses you.
You puncture the worm!
The worm is moderately wounded.
You feel sick.
You puncture the worm!
The worm is severely wounded.
The worm bites you but does no damage.
You hit the worm.
The worm is severely wounded.
The worm bites you!
* * * LOW HITPOINT WARNING * * *
Drink which item? (? for menu, Esc to quit)
That liquid tasted very nasty...
You are more poisoned.
It was a potion of poison.
You die...

#### # ... #.########.# .
### #........#.##.# #..
###.[.......##.# #..
........@...##.# #..
##.....w.....#.##### #..
%.######.#..#.#...# #..
...#..#.#)#.# ###
#####..#.#.#.# #
..#..#...#.# #.#รท.#...#.#
. #.#........#
#...#######.#.##.#.########


You could see a worm.

Vanquished Creatures
  An orc wizard (D:2)
  Terence (D:2)
  4 adders (D:2)
  2 oozes
  3 giant cockroaches
  4 hobgoblins
  4 jackals (D:1)
  5 bats
  A giant newt (D:1)
  10 goblins
  6 kobolds
  7 rats
48 creatures vanquished.

Notes
Turn   | Place    | Note
--------------------------------------------------------------
     0 | D:1      | Qrupt, the Merfolk Skald, began the quest for the Orb.
     0 | D:1      | Reached XP level 1. HP: 16/16 MP: 3/3
   197 | D:1      | Reached skill level 4 in Polearms
   197 | D:1      | Reached XP level 2. HP: 22/22 MP: 4/4
   803 | D:1      | Reached XP level 3. HP: 24/27 MP: 6/6
   863 | D:1      | Learned a level 2 spell: Shroud of Golubria
   873 | D:1      | Reached skill level 5 in Polearms
   956 | D:2      | Found a sacrificial altar of Ru.
   989 | D:2      | Reached skill level 6 in Polearms
   989 | D:2      | Reached XP level 4. HP: 28/33 MP: 7/7
   990 | D:2      | Noticed Terence
  1000 | D:2      | Killed Terence
  1092 | D:2      | Became a worshipper of Ru the Awakened
  1362 | D:2      | Reached skill level 7 in Polearms
  1449 | D:2      | HP: 1/33 [worm (9)]
  1450 | D:2      | Succumbed to poison (a potion of poison)

Action                   |  1- 3 |  4- 6 || total
-------------------------+-------+-------++-------
Melee: Spear             |   104 |       ||   104
       Trident           |     4 |    67 ||    71
 Cast: Infusion          |       |     1 ||     1
  Use: Potion            |       |     1 ||     1
 Stab: Paralysed         |       |     1 ||     1
       Sleeping          |       |     1 ||     1
  Eat: Chunk             |       |     2 ||     2
